 Dungeon Crawl Stone Soup version 0.26-b1-32-g5d43845318 (webtiles) character file.

Game seed: 10618632794607751986

6604 Borgoz the Nimble (level 11, 0/92 HPs)
             Began as a Ghoul Gladiator on Jan 13, 2021.
             Was a Believer of Ashenzari.
             Killed from afar by an orc wizard (6 damage)
             ... with a magic dart
             ... on level 9 of the Dungeon.
             The game lasted 00:11:33 (10782 turns).

Borgoz the Nimble (Ghoul Gladiator)                Turns: 10782, Time: 00:11:33

Health: 0/92       AC: 10    Str: 20    XL:     11   Next: 2%
Magic:  10/10      EV: 15    Int:  3    God:    Ashenzari [**....]
Gold:   449        SH:  0    Dex: 12    Spells: 10/10 levels left

rFire    + . .     SeeInvis +   a - +0 great sword (elec) (curse)
rCold    + . .     Faith    .   (shield currently unavailable)
rNeg     + + +     Spirit   .   v - +0 ring mail (curse)
rPois    ∞         Reflect  .   c - +0 helmet
rElec    .         Harm     .   s - +0 cloak
rCorr    .         Rampage  .   (no gloves)
Will     .....                  n - +0 pair of boots
Stlth    +.........             (no amulet)
HPRegen  0.00/turn              o - ring of protection from fire
MPRegen  0.12/turn              w - ring of see invisible

@: no status effects
A: claws 1, cold resistance 1, negative energy resistance 3, inhibited
regeneration, torment resistance, unbreathing
a: Renounce Religion, Curse Item, Scrying


You were on level 9 of the Dungeon.
You worshipped Ashenzari.
Ashenzari was pleased with you.
You visited 2 branches of the dungeon, and saw 10 of its levels.
You also visited: Ossuary.

You collected 449 gold pieces.

Inventory:

Hand Weapons
 a - a cursed +0 great sword of electrocution (weapon)
Missiles
 d - 3 throwing nets (quivered)
Armour
 c - a +0 helmet (worn)
 h - a +0 crystal plate armour
 n - a +0 pair of boots (worn)
 s - a +0 cloak (worn)
 v - a cursed +0 ring mail (worn)
 E - the +2 robe of Complete Protection {Rampage Regen+}
   (You found it on level 6 of the Dungeon)

   It increases your rate of regeneration.
   It bestows one free step when moving towards enemies.
Jewellery
 o - a ring of protection from fire (left claw)
 w - a ring of see invisible (right claw)
 D - an uncursed ring of resist corrosion
 G - the ring "Moloalus" {+Blink rF- rC+ Dex+7}
   (You found it on level 7 of the Dungeon)

   [ring of protection from cold]

   It affects your dexterity (+7).
   It makes you vulnerable to fire.
   It protects you from cold.
   It lets you blink.
Wands
 x - a wand of flame (12)
 C - a wand of paralysis (11)
 H - a wand of digging (3)
Scrolls
 b - 3 scrolls of enchant weapon
 f - 2 scrolls of enchant armour
 i - 3 scrolls of fog
 j - 2 scrolls of immolation
 l - 5 scrolls of teleportation
 m - a scroll of magic mapping
 y - 2 scrolls of remove curse
 F - a scroll of noise {unknown}
 I - a scroll of fear {unknown}
Potions
 e - 2 potions of haste
 k - 2 potions of brilliance
 p - a potion of attraction
 r - 4 potions of flight
 t - a potion of lignification
 z - 5 potions of resistance
 A - a potion of cancellation {unknown}
 B - 4 potions of magic


   Skills:
 + Level 7.1 Fighting
 * Level 8.5(11.5) Long Blades
 - Level 1.7 Throwing
 * Level 8.0 Armour
 * Level 8.6 Dodging


You had 10 spell levels left.
You didn't know any spells.
Your spell library contained the following spells:

 Spells                   Type           Power        Failure   Level
 Corona                   Hex            0%           67%         1
 Foxfire                  Conj/Fire      0%           67%         1
 Slow                     Hex            0%           82%         2
 Conjure Flame            Conj/Fire      0%           96%         3
 Inner Flame              Hex/Fire       0%           96%         3
 Portal Projectile        Hex/Tloc       0%           96%         3
 Cause Fear               Hex            0%           100%        4
 Leda's Liquefaction      Hex/Erth       0%           100%        4
 Sticky Flame             Conj/Fire      0%           100%        4
 Fireball                 Conj/Fire      0%           100%        5
 Beastly Appendage        Tmut           Unusable     N/A         1
 Wereblood                Tmut           Unusable     N/A         2
 Spider Form              Tmut/Pois      Unusable     N/A         3
 Ice Form                 Ice/Tmut       Unusable     N/A         4
 Blade Hands              Tmut           Unusable     N/A         5

Dungeon Overview and Level Annotations

Branches:
Dungeon (9/15)             Temple (1/1) D:5         Ossuary (visited)
   Lair: D:8-11         Orc: D:9-12

Altars:
Ashenzari
Cheibriados
Dithmenos
Elyvilon
Fedhas
Gozag
Hepliaklqana
Kikubaaqudgha
Makhleb
Nemelex Xobeh
Okawaru
Qazlal
Ru
Sif Muna
Trog
Uskayaw
Vehumet
Wu Jian
Xom
Yredelemnul
Zin
The Shining One


Innate Abilities, Weirdness & Mutations

You thrive by killing the living.
You are immune to poison.
You have sharp fingernails.
Your flesh is cold resistant. (rC+)
You are immune to negative energy. (rN+++)
You do not regenerate when monsters are visible.
You are immune to unholy pain and torment.
You can survive without breathing.


Message History

Your Armour skill increases to level 8!
You barely miss the quasit.
The quasit is almost dead.
The quasit barely misses you. The quasit misses you. x2
The quasit bites you but does no damage.
The quasit misses you. The quasit barely misses you.
The orc wizard gestures at you while chanting.
You easily resist.
You completely miss the quasit.
The quasit is almost dead.
The quasit bites you but does no damage.
The quasit barely misses you. The quasit closely misses you.
You slash the quasit!
You kill the quasit!
The orc wizard casts a spell at you. The magic dart hits you!
* * * LOW HITPOINT WARNING * * *
The orc wizard casts a spell at you. The magic dart hits you.
You die...

#......[...... *
* *#.♣.........P
* ...PP...P....,
, * ,
#...........,
#.......o..* **
* #,...#.....# ,
#[..{......####
*
#.>####...†...#*
#..o@o........#
,,
##.####.......#
,* * #,*
#...††..#* * ,
#.......# ,
#....[[.# ,
#....)<†#* * *
######### *


You could see an orc wizard (fast) and an orc.

Vanquished Creatures
  The ghost of kuzco6543 the Skirmisher, a journeyman DsGl of Makhleb (D:8)
  A two-headed ogre (D:8)
  An unseen horror (D:7)
  Joseph (D:7)
  Grinder (D:4)
  2 wyverns (D:9)
  5 yaks (D:9)
  4 water moccasins (D:9)
  2 orc warriors
  A sky beast (D:6)
  A phantom (D:4)
  An ice beast (D:7)
  2 ogres
  2 centaurs
  3 bullfrogs
  2 scorpions
  5 water moccasin zombies (Ossuary)
  3 wights (D:6)
  4 howler monkeys
  A quasit (D:9)
  4 orc priests
  3 orc wizards
  3 jellies
  2 bullfrog zombies
  2 hounds
  A centaur skeleton (D:7)
  An iguana (D:7)
  Natasha (thrice) (D:4)
  2 bullfrog skeletons
  8 worker ants
  2 big kobold zombies (Ossuary)
  3 hound skeletons
  2 mummies (Ossuary)
  9 adders
  2 shadow imps
  3 white imps
  3 ufetubi
  2 oozes
  3 adder skeletons
  2 adder zombies
  5 worms
  8 leopard geckos
  42 orcs
  2 ball pythons
  5 bats
  8 giant cockroaches
  4 gnoll zombies (Ossuary)
  6 goblins
  7 hobgoblins
  7 jackals
  14 kobolds
  3 quokkas
  9 frilled lizards
  3 hobgoblin zombies (Ossuary)
  A kobold zombie (Ossuary)
  7 orc zombies (Ossuary)
  8 rats
242 creatures vanquished.

Vanquished Creatures (others)
  2 fungi (D:9)
  13 plants (D:9)
15 creatures vanquished.

Grand Total: 257 creatures vanquished

Notes
Turn   | Place    | Note
-------+----------+-------------------------------------------
     0 | D:1      | Borgoz the Ghoul Gladiator began the quest for the Orb.
     0 | D:1      | Reached XP level 1. HP: 17/17 MP: 0/0
   243 | D:1      | Reached XP level 2. HP: 24/24 MP: 1/1
   633 | D:1      | Reached skill level 1 in Armour
   680 | D:1      | Reached XP level 3. HP: 7/30 MP: 2/2
  1641 | D:2      | Reached XP level 4. HP: 24/37 MP: 3/3
  1659 | D:2      | HP: 1/37 [worm (5)]
  2761 | D:3      | Reached XP level 5. HP: 41/42 MP: 4/4
  3005 | D:3      | You fall into a shaft and drop 1 floor!
  3037 | D:4      | Reached XP level 6. HP: 36/51 MP: 5/5
  3673 | D:4      | Noticed a phantom
  3788 | D:4      | Noticed Grinder
  3795 | D:4      | Paralysed by Grinder for 4 turns
  3808 | D:4      | Paralysed by Grinder for 7 turns
  3829 | D:4      | Killed Grinder
  3830 | D:4      | Reached XP level 7. HP: 16/57 MP: 6/6
  4224 | D:4      | Noticed Natasha
  4251 | D:4      | Killed Natasha
  4261 | D:4      | Noticed Natasha
  4269 | D:4      | Killed Natasha
  4276 | D:4      | Noticed Natasha
  4288 | D:4      | Killed Natasha
  5205 | D:5      | Entered Level 5 of the Dungeon
  5220 | D:5      | Found a staircase to the Ecumenical Temple.
  5229 | Temple   | Entered the Ecumenical Temple
  5248 | Temple   | Became a worshipper of Ashenzari the Shackled
  5337 | D:5      | Found a sand-covered staircase.
  5354 | Ossuary  | Entered an ossuary
  5398 | Ossuary  | Reached skill level 5 in Long Blades
  5398 | Ossuary  | Reached skill level 5 in Dodging
  5398 | Ossuary  | Reached XP level 8. HP: 48/66 MP: 7/7
  6325 | D:5      | Found a stormy altar of Qazlal.
  7547 | D:6      | Reached skill level 5 in Armour
  7636 | D:6      | Reached skill level 5 in Fighting
  7636 | D:6      | Reached XP level 9. HP: 14/74 MP: 8/8
  8199 | D:6      | Identified the +2 robe of Complete Protection {Rampage
                  | Regen+}
  8523 | D:7      | Identified the ring "Moloalus" {+Blink rF- rC+ Dex+7}
  8528 | D:7      | Found a shimmering altar of Xom.
  8560 | D:7      | Reached * piety under Ashenzari
  8630 | D:7      | Identified a scroll of acquirement
  8631 | D:7      | Acquired a cursed +0 great sword of electrocution
  8637 | D:7      | Found an iron altar of Okawaru.
  8657 | D:7      | Noticed an unseen horror
  8668 | D:7      | Killed an unseen horror
  8719 | D:7      | Noticed Joseph
  8731 | D:7      | Killed Joseph
  9571 | D:8      | Found a runed translucent gate.
  9572 | D:8      | Found a runed translucent gate.
  9581 | D:8      | Reached XP level 10. HP: 72/83 MP: 9/9
  9701 | D:8      | Reached ** piety under Ashenzari
  9930 | D:8      | Noticed a two-headed ogre
  9937 | D:8      | Killed a two-headed ogre
 10128 | D:8      | Noticed kuzco6543's ghost (journeyman DsGl)
 10136 | D:8      | Found a runed translucent gate.
 10391 | D:8      | Killed kuzco6543's ghost
 10746 | D:9      | Identified the ring of Gozag's Supremacy {MP+9 Int+2}
 10765 | D:9      | HP: 2/86 [yak (3)]
 10777 | D:9      | Reached XP level 11. HP: 21/92 MP: 10/10
 10782 | D:9      | Killed from afar by an orc wizard

Illustrated notes

Levels and vault maps discovered:
D:1:      matt_arrival_spirals, layout_loops_ring, serial_aquarium,
          aquarium_bridge_straight [aquarium_subvault_bridge,
          aquarium_subvault_wall, aquarium_subvault_bridge,
          aquarium_subvault_wall], aquarium_bridge_long_separate
          [aquarium_subvault_window, aquarium_subvault_bridge,
          aquarium_subvault_window, aquarium_subvault_wall,
          aquarium_subvault_bridge, aquarium_subvault_wall], aquarium_window_1,
          aquarium_window_corner, aquarium_window_2, aquarium_view_2g,
          aquarium_balcony_1a, aquarium_pool_side, skrybe_limestone_x
D:2:      layout_rooms, minmay_unequal
D:3:      layout_loops_ring
D:4:      layout_layer_cave, uniq_grinder, uniq_natasha
D:5:      kennysheep_six_static_rooms, layout_basic,
          minmay_temple_entry_junction, enter_ossuary_1, grunt_qazlal_clouds
D:6:      layout_loops_ring, wad_rectangle_vault
D:7:      layout_basic, nicolae_overflow_crystal_walls, basic_altar, uniq_joseph
D:8:      layout_loops_corners, gammafunk_ghost_split
D:9:      layout_loops_cross, minmay_lair_entry_grove, david_orc_2,
          gammafunk_ghost_stat_death
Temple:   compressed_dpeg_triangle_lava_temple

Skill      XL: |  1  2  3  4  5  6  7  8  9 10 11 |
---------------+----------------------------------+-----
Long Blades    | 3 4 5 6 7 8 |  8.5
Armour         | 1 2 3 4 5 6 7 8 |  8.0
Dodging        | 3 4 5 6 7 8 |  8.6
Fighting       | 3 4 5 6 7 |  7.1
Throwing       | |  1.7

Action                   |  1- 3 |  4- 6 |  7- 9 | 10-12 || total
-------------------------+-------+-------+-------+-------++-------
Melee: Long sword        |   119 |   227 |   426 |       ||   772
       Great sword       |       |       |    52 |   114 ||   166
Throw: Throwing net      |       |     2 |       |       ||     2
  Use: Potion            |       |     2 |       |    10 ||    12
       Scroll            |       |       |    18 |       ||    18
Armor: Leather armour    |    35 |    22 |       |       ||    57
       Ring mail         |       |    85 |   204 |    54 ||   343
Dodge: Dodged            |    97 |   176 |   379 |   136 ||   788
       Rpst.: Long sword |    31 |    59 |   114 |       ||   204
       Great sword       |       |       |    15 |    38 ||    53
